 Dungeon Crawl Stone Soup version 0.29-a0-824-gd827844252 (webtiles) character file.

Game seed: 12318200401898297087

326 buhh the Insei (level 6, -1/42 HPs)
             Began as an Octopode Transmuter on July 9, 2022.
             Splashed by a jelly's acid (2 damage)
             ... on level 4 of the Dungeon.
             The game lasted 00:02:35 (3982 turns).

buhh the Insei (Octopode Transmuter)                Turns: 3982, Time: 00:02:36

Health: -1/42      AC: -10   Str:  9    XL:     6   Next: 49%
Magic:  15/18      EV: 21    Int: 17    God:
Gold:   166        SH:  0    Dex: 18    Spells: 3/9 levels left

rFire   . . .      SeeInvis .     - Unarmed
rCold   . . .      Faith    .   (shield currently unavailable)
rNeg    . . .      Spirit   .   (helmet currently unavailable)
rPois   .          Reflect  .   (no amulet)
rElec   .          Harm     .   s - ring of poison resistance
rCorr   .          Rampage  .   k - ring of magical power
Will    .....                   (no ring)
Stlth   ++........              (no ring)
HPRegen 0.14/turn               (no ring)
MPRegen 0.16/turn               (no ring)
                                (no ring)
                                (no ring)

@: spider-form, corroded
A: venomous fangs, almost no armour, (amphibious), 8 rings, tiny, (camouflage
1), (gelatinous body 1), (nimble swimmer 1), (tentacles)
a: End Transformation


You were on level 4 of the Dungeon.
You were a venomous arachnid creature.
You visited 1 branch of the dungeon, and saw 4 of its levels.

You collected 166 gold pieces.

Inventory:

Jewellery
 k - a ring of magical power (right front leg)
 s - a ring of poison resistance (left front leg)
Scrolls
 a - 3 scrolls of acquirement {unknown}
 c - a scroll of immolation {!d}
 d - a scroll of blinking {unknown}
 f - a scroll of teleportation {unknown}
 h - 2 scrolls of enchant weapon {unknown}
 i - a scroll of magic mapping {unknown}
 l - a scroll of fear {unknown}
 m - 3 scrolls of identify {!d}
 q - a scroll of enchant armour {unknown}
 t - a scroll of brand weapon {unknown}
Potions
 b - 3 potions of curing {unknown}
 e - 3 potions of cancellation {unknown}
 g - a potion of flight {unknown}
 j - a potion of mutation {unknown}
 n - a potion of berserk rage {unknown}
 o - a potion of magic {unknown}
 p - a potion of resistance {unknown}
 r - a potion of haste {unknown}
 u - a potion of brilliance {unknown}


   Skills:
 + Level 3.1 Fighting
 + Level 3.6 Dodging
 - Level 2.0 Stealth
 + Level 4.3 Unarmed Combat
 - Level 2.0 Spellcasting
 + Level 3.2 Transmutations
 - Level 1.0 Poison Magic


You had 3 spell levels left.
You knew the following spells:

 Your Spells              Type           Power      Damage    Failure   Level
a - Beastly Appendage     Tmut           24%        N/A       14%         1
b - Wereblood             Tmut           12%        N/A       21%         2
c - Spider Form           Tmut/Pois      8%         N/A       45%         3

Your spell library contained the following spells:

 Spells                   Type           Power      Damage    Failure   Level
 Ice Form                 Ice/Tmut       7%         N/A       86%         4


Dungeon Overview and Level Annotations

Branches:
Dungeon (4/15) Zot: 20030
 Temple: D:4-7

Altars:
Zin


Innate Abilities, Weirdness & Mutations

You are a venomous arachnid creature.
You have poisonous fangs.
You are tiny and dextrous.
Your spellcasting is less reliable in this form.
Your armour is entirely melded.
You are incapable of wielding weapons or throwing items.
You cannot wear most types of armour.
((You are amphibious.))
You can wear up to eight rings at the same time.
((Your skin changes colour to match your surroundings (Stealth+).))
((Your rubbery body absorbs attacks. (AC +1, EV +1)))
((You are camouflaged when in or above water. (Stealth+)))
((You have tentacles for arms and can constrict up to eight enemies at once.))


Message History

No target in view!
You see here a giant cockroach corpse.
Your transformation is almost over.
Your tentacle spike disappears.
There is an open door here.
There is a stone staircase leading down here.
Things that are here:
a +0 club; an orc skeleton Key pressed, stopping explore.
u - a lumpy green potion A jelly comes into view.
A jelly is nearby!
A jelly is nearby!
A jelly is nearby!
One of your tentacles grows a vicious spike.
The jelly quivers.
Your tentacle spike disappears.
You turn into a venomous arachnid creature.
A phantom comes into view.
You bite the jelly! The acid corrodes you!
Your front legs burn!
The jelly is heavily wounded.
The jelly hits you. The acid corrodes you!
You are splashed with acid!
You hit the jelly but do no damage.
Your front legs burn!
The jelly is heavily wounded.
The jelly hits you. The acid corrodes you!
You are splashed with acid.
You are too injured to fight recklessly!
You are too injured to fight recklessly!
You hit the jelly but do no damage.
The jelly is poisoned.
Your front legs burn!
The jelly is heavily wounded.
The jelly closely misses you.
You hit the jelly.
Your front legs burn!
* * * LOW HITPOINT WARNING * * *
The jelly is severely wounded.
The jelly hits you.
* * * LOW HITPOINT WARNING * * *
You are splashed with acid!
* * * LOW HITPOINT WARNING * * *
You hit the jelly but do no damage.
Your front legs burn!
You die...

###.## #.#
....
#.######.$..
#.#.........
#.#.......#
#.#.......#
#.#...W...#
#.#.J.....#
#.#$s.....#
#.#.......#
#.#.......#
#.........#
###.......#
#.......#
#########


You could see a phantom and a jelly (very poisoned).

Vanquished Creatures
  A sky beast (D:3)
  A necrophage (D:4)
  A howler monkey (D:4)
  A hound (D:4)
  2 adders (D:4)
  A worm (D:2)
  6 orcs
  7 bats
  6 endoplasms
  4 giant cockroaches
  9 goblins
  7 hobgoblins
  3 jackals (D:3)
  14 kobolds
  4 quokkas
  6 ball pythons
  2 frilled lizards (D:1)
  6 rats
81 creatures vanquished.

Notes
Turn   | Place    | Note
-------+----------+-------------------------------------------
     0 | D:1      | buhh the Octopode Transmuter began the quest for the Orb.
     0 | D:1      | Reached XP level 1. HP: 13/13 MP: 3/3
   152 | D:1      | Reached XP level 2. HP: 18/18 MP: 3/5
   570 | D:1      | Reached XP level 3. HP: 20/23 MP: 4/6
  1004 | D:1      | Found a faded altar of an unknown god.
  1744 | D:2      | You fall into a shaft and drop 1 floor!
  1983 | D:3      | Reached XP level 4. HP: 22/29 MP: 5/7
  2112 | D:3      | Noticed a sky beast
  2358 | D:3      | Learned a level 2 spell: Wereblood
  2362 | D:3      | Learned a level 3 spell: Spider Form
  2378 | D:3      | Killed a sky beast
  2379 | D:3      | Reached XP level 5. HP: 18/35 MP: 5/8
  3216 | D:4      | Reached skill level 4 in Unarmed Combat
  3312 | D:4      | Found a glowing silver altar of Zin.
  3378 | D:4      | Reached XP level 6. HP: 23/41 MP: 9/9
  3981 | D:4      | HP: 1/42 [acid (8)]
  3982 | D:4      | Splashed by a jelly's acid

Illustrated notes

Levels and vault maps discovered:
D:1:      dpeg_arrival_tiny_g, layout_basic, shapermc_ecumenical_altar_venn,
          grunt_decor_one_mirror
D:2:      cheibrodos_helix_gallery, layout_basic, fountainhead,
          solitary_fountain
D:3:      layout_loops_cross, kennysheep_generic_room_11
D:4:      layout_basic, mainiacjoe_overflow_alcove_1

Skill      XL: |  1  2  3  4  5  6 |
---------------+-------------------+-----
Poison Magic   | 1 |  1.0
Stealth        | 2 |  2.0
Fighting       | 2 3 |  3.1
Dodging        | 3 |  3.6
Unarmed Combat | 4 |  4.3
Transmutations | 3 |  3.2
Spellcasting   | |  2.0

Action                   |  1- 3 |  4- 6 || total
-------------------------+-------+-------++-------
Melee: Unarmed           |   106 |    85 ||   191
       Tentacles         |    23 |    12 ||    35
       Constrict         |    25 |    19 ||    44
       Kick              |    20 |    18 ||    38
       Punch             |     1 |     4 ||     5
 Cast: Beastly Appendage |    26 |    15 ||    41
       Spider Form       |       |     2 ||     2
       Wereblood         |       |     1 ||     1
  Use: Scroll            |     1 |       ||     1
       Potion            |       |     1 ||     1
 Stab: Sleeping          |     8 |     4 ||    12
Armor: Skin              |     6 |    28 ||    34
Dodge: Dodged            |    72 |    39 ||   111

Table legend: (Time is in decaauts)
 A = Elapsed time spent in this place.
 B = Non-inter-level travel time spent in this place.
 C = Inter-level travel time spent in this place.
 D = Time resting spent in this place.
 E = Time spent auto-exploring this place.
 F = Levels seen in this place.
 G = Mean time per level.
                   A        B        C        D        E       F      G
               +--------+--------+--------+--------+--------+-----+--------+
         Total |   3969 |   3900 |     69 |      0 |   3386 |   4 |  992.2 |
       Dungeon |   3969 |   3900 |     69 |      0 |   3386 |   4 |  992.2 |
               +--------+--------+--------+--------+--------+-----+--------+

Top non-repeatable levels by time:
     D:3: 1180 daAuts
     D:1: 1137 daAuts
     D:4: 839 daAuts
     D:2: 812 daAuts
